 Dungeon Crawl Stone Soup version 0.29-a0-838-g385bb11a5b (webtiles) character file.

Game seed: 7781049494507875010

1 ponyjar the Vexing (level 1, 0/7 HPs)
             Began as a Felid Enchanter on July 13, 2022.
             Slain by a jackal (1 damage)
             ... on level 1 of the Dungeon.
             The game lasted 00:00:10 (18 turns).

ponyjar the Vexing (Felid Enchanter)                  Turns: 18, Time: 00:00:11

Health: 0/7        AC:  1    Str:  4    XL:     1   Next: 16%
Magic:  4/4        EV: 17    Int: 16    God:
Gold:   0          SH:  0    Dex: 16    Spells: 4/4 levels left
                                        Lives:  0   Deaths: 0

rFire   . . .      SeeInvis +     - Unarmed
rCold   . . .      Faith    .   (shield unavailable)
rNeg    . . .      Spirit   .   (body armour unavailable)
rPois   .          Reflect  .   (helmet unavailable)
rElec   .          Harm     .   (cloak unavailable)
rCorr   .          Rampage  .   (gloves unavailable)
Will    .....                   (boots unavailable)
Stlth   +++.......              (no amulet)
HPRegen 0.02/turn               (no ring)
MPRegen 0.09/turn               (no ring)

@: quick
A: very small, claws 1, fangs 3, see invisible, speed 1, shaggy fur 1, stealthy
paws, no weapons or thrown items, no armour, multi-lived
a: no special abilities


You were on level 1 of the Dungeon.
You visited 1 branch of the dungeon, and saw 1 of its levels.

Inventory:

Potions
 a - 2 potions of invisibility


   Skills:
 * Level 0.2 Fighting
 - Level 2.6 Dodging
 - Level 4.0 Stealth
 * Level 1.1 Unarmed Combat
 - Level 2.0 Spellcasting
 - Level 4.4 Hexes


You had 4 spell levels left.
You didn't know any spells.
Your spell library contained the following spells:

 Spells                   Type           Power      Damage    Failure   Level
 Confusing Touch          Hex            15%        N/A       11%         3
 Tukima's Dance           Hex            15%        N/A       11%         3
 Ensorcelled Hibernation  Hex/Ice        16%        N/A       13%         2
 Dazzling Flash           Conj/Hex       16%        N/A       26%         3


Dungeon Overview and Level Annotations

Branches:
Dungeon (1/15)

Altars:


Innate Abilities, Weirdness & Mutations

You have sharp claws.
You have razor-sharp teeth.
You have supernaturally acute eyesight. (SInv)
You cover ground quickly. (Speed+)
You are covered in fur. (AC +1)
Your paws help you pounce on unaware monsters.
You are incapable of wielding weapons or throwing items.
You cannot wear armour.
You gain extra lives every three experience levels.


Message History

Welcome, ponyjar the Felid Enchanter.
It is said that the Orb of Zot exists deep within this dungeon.
Press ? for a list of commands and other information.
Found an escape hatch in the floor.
Found a staircase leading out of the dungeon.
You open the large door.
A jackal comes into view.
Found a hand axe.
A jackal is nearby!
A jackal and a goblin come into view.
The jackal barks! x2; The goblin shouts!
There is a large open door here.
There are monsters nearby!
There is a large open door here.
You scratch the goblin.
You kill the goblin!
You scratch the jackal. Your bite misses the jackal.
The jackal is severely wounded.
The jackal misses you.
You scratch the jackal but do no damage.
The jackal is severely wounded.
The jackal bites you.
You scratch the jackal but do no damage.
The jackal is severely wounded.
The jackal misses you.
You barely miss the jackal. The jackal bites you.
You scratch the jackal. Your bite misses the jackal.
The jackal is almost dead.
The jackal completely misses you. The jackal closely misses you.
Unknown command.
You scratch the jackal but do no damage.
The jackal is almost dead.
The jackal completely misses you. The jackal misses you. The jackal bites you.
* * * LOW HITPOINT WARNING * * *
The jackal bites you.
You die...

.. ..#####
######## #......##
###≈§≈≈≈≈
#......###§≈≈§§≈≈
#.)....##≈≈≈≈≈#≈≈
#......##≈§§≈≈≈≈
#......#≈≈#≈§≈§≈
#......#≈§≈≈§####
..###...h@......<#
#.#.h..§....>#
#.###≈≈≈§§#### .
#≈≈#§≈≈§§ ..
##≈≈≈≈≈§§§ #.
#≈≈§≈§#§≈≈ #.
##≈≈≈§≈≈≈≈
###§§≈§≈≈


You could see 2 jackals.

Vanquished Creatures
  A goblin (D:1)
1 creature vanquished.

Notes
Turn   | Place    | Note
-------+----------+-------------------------------------------
     0 | D:1      | ponyjar the Felid Enchanter began the quest for the Orb.
     0 | D:1      | Reached XP level 1. HP: 7/7 MP: 4/4
    18 | D:1      | Slain by a jackal

Illustrated notes

Levels and vault maps discovered:
D:1:      lightli_molten_gateway, layout_rooms, hex_tiny, minmay_tromino_v2

Action                   || total
-------------------------++-------
Melee: Unarmed           ||     7
Dodge: Dodged            ||     6

Table legend: (Time is in decaauts)
 A = Elapsed time spent in this place.
 B = Non-inter-level travel time spent in this place.
 C = Inter-level travel time spent in this place.
 D = Time resting spent in this place.
 E = Time spent auto-exploring this place.
 F = Levels seen in this place.
 G = Mean time per level.
                   A        B        C        D        E       F      G
               +--------+--------+--------+--------+--------+-----+--------+
         Total |     15 |     15 |      0 |      0 |      5 |   1 |   15.0 |
       Dungeon |     15 |     15 |      0 |      0 |      5 |   1 |   15.0 |
               +--------+--------+--------+--------+--------+-----+--------+

Top non-repeatable levels by time:
     D:1: 15 daAuts
